AoeStats
← Мордочка в кефире

Black Forest

509443190Analyzed
4v4 RM · 6d ago on Sep 26, 2026· 43m 4s· 8 players
Game mode
Random Map
Map size
Large (8 player)
Population
200
Speed
Normal
Resources
Standard
Victory
Conquest
Starting age
Dark Age
Ending age
Imperial Age
RankedLock teamsTeams togetherTeam positionsShared explorationLock speedFull tech treeHidden civsTurbo modeCheats
Victory
Defeat
1242
+15
🇧🇷 Bohemians · Brazil
1153
+19
🇺🇸 Malay · United States
1132
+20
🇺🇸 Khmer · United States
1051
+24
🇵🇹 Khmer · Portugal
1252
-21
🇫🇷 Armenians · France
1246
-20
🇺🇸 Spanish · United States
1206
-19
🇩🇪 Poles · Germany
1175
-18
_StuNNa_
1:10 Loom
13:12 Feudal Age
17:46 Castle Age
16:21 Double-Bit Axe
26:08 Bow Saw
25:51 Stone Mining
26:24 Fishing Lines
28:34 Wheelbarrow
28:31 Gold Mining
32:42 Imperial Age
30:42 Horse Collar
Kotovsk
0:59 Loom
12:00 Feudal Age
14:39 Horse Collar
14:47 Double-Bit Axe
20:18 Castle Age
18:59 Gold Mining
19:02 Stone Mining
21:38 Medium Warships
jawsy_
1:08 Loom
12:37 Feudal Age
17:29 Castle Age
18:26 Gold Mining
18:22 Double-Bit Axe
18:22 Horse Collar
19:25 Bow Saw
21:53 Heavy Plow
27:01 Wheelbarrow
31:35 Imperial Age
31:45 Imperial Age
29:08 Fletching
29:18 Padded Archer Armor
29:22 Scale Mail Armor
29:33 Forging
29:21 Gold Mining
29:25 Stone Mining
30:11 Bodkin Arrow
31:40 Ballistics
31:39 Leather Archer Armor
32:02 Hand Cart
32:30 Chain Mail Armor
32:51 Iron Casting
32:08 Elite Composite Bowman
34:33 Fortified Wall
35:27 Chemistry
35:06 Bracer
36:09 Man-at-Arms
36:50 Squires
36:35 Gambesons
36:36 Arson
36:11 Pikeman
37:26 Plate Mail Armor
38:16 Fereters
38:33 Conscription
37:53 Long Swordsman
39:38 Blast Furnace
39:09 Ring Archer Armor
39:47 Two-Handed Swordsman
DKing
5:39 Loom
11:46 Feudal Age
15:20 Castle Age
13:38 Double-Bit Axe
13:56 Horse Collar
16:27 Bow Saw
18:53 Fishing Lines
21:01 Horse Collar
22:40 Heavy Plow
24:34 Wheelbarrow
26:40 Fletching
28:07 Hand Cart
28:24 Town Watch
31:51 Imperial Age
29:34 Gold Mining
29:35 Stone Mining
31:31 Bodkin Arrow
33:14 Conscription
34:13 Crop Rotation
34:07 Bracer
33:53 Elite Ballista Elephant
35:28 Gold Shaft Mining
35:15 Double Crossbow
35:59 Bloodlines
35:49 Husbandry
38:38 Padded Archer Armor
39:49 Siege Engineers
40:45 Chemistry
40:06 Ballistics
40:51 Chemistry
39:58 Siege Engineers
SwagMuffin411
4:16 Loom
11:10 Feudal Age
15:21 Castle Age
14:35 Double-Bit Axe
14:35 Horse Collar
20:27 Wheelbarrow
20:45 Gold Mining
21:25 Heavy Plow
23:36 Hand Cart
23:56 Bow Saw
26:58 Imperial Age
26:25 Gold Shaft Mining
26:08 Caravan
26:42 Stone Mining
29:25 Coinage
30:07 Crop Rotation
30:15 Stone Shaft Mining
30:09 Conscription
30:45 Scale Barding Armor
30:25 Elite Ballista Elephant
31:02 Light Cavalry
31:43 Husbandry
31:54 Bloodlines
32:18 Hussar
36:07 Chain Barding Armor
35:57 Town Watch
39:31 Plate Barding Armor
41:19 Fletching
Gary Bigtoes
0:43 Loom
12:00 Feudal Age
16:43 Castle Age
15:10 Double-Bit Axe
22:55 Forging
41:22 Imperial Age
42:36 Chemistry
41:59 Fletching
edu_hen
0:50 Loom
12:31 Feudal Age
18:19 Castle Age
16:43 Double-Bit Axe
17:48 Horse Collar
19:19 Wheelbarrow
19:20 Bow Saw
19:31 Heavy Plow
23:19 Hand Cart
24:11 Fervor
32:53 Imperial Age
31:59 Chemistry
31:47 Pikeman
32:18 Fletching
32:28 Padded Archer Armor
32:43 Squires
32:28 Arson
33:21 Ballistics
32:24 Man-at-Arms
33:04 Bodkin Arrow
33:45 Forging
33:35 Scale Mail Armor
34:42 Two-Man Saw
34:32 Bracer
34:49 Leather Archer Armor
34:42 Bracer
35:28 Conscription
35:55 Iron Casting
37:23 Town Watch
37:02 Houfnice
40:35 Siege Engineers
40:58 Town Patrol
42:00 Blast Furnace
41:31 Ring Archer Armor
41:17 Chain Mail Armor
41:09 Scale Barding Armor
41:03 Murder Holes
41:29 Bombard Tower
Мордочка в кефире
9:34 Feudal Age
11:46 Double-Bit Axe
12:01 Loom
13:00 Horse Collar
22:11 Castle Age
21:19 Wheelbarrow
21:41 Town Watch
22:37 Scale Barding Armor
22:42 Forging
23:04 Gold Mining
23:36 Bloodlines
24:37 Bow Saw
24:52 Heavy Plow
25:14 Hand Cart
29:04 Imperial Age
26:49 Stone Mining
27:39 Gold Shaft Mining
27:31 Chain Barding Armor
28:42 Iron Casting
29:11 Elite Steppe Lancer
30:34 Plate Barding Armor
31:59 Blast Furnace
32:32 Two-Man Saw
35:38 Onager
37:07 Siege Onager
38:22 Devotion
38:45 Conscription
38:27 Steppe Husbandry
Connection lost

Rejoining the realm…

Still unreachable

The connection could not be restored.

Session expired

The server has moved on; the page needs a fresh start.